 Dungeon Crawl Stone Soup version 0.28.0-43-g3370ac3207 (webtiles) character file.

Game seed: 7456219554103669834

382 terff the Covert (level 6, -12/41 HPs)
             Began as an Octopode Brigand on Mar 20, 2022.
             Mangled by an ogre
             ... wielding a +0 giant club
              (26 damage)
             ... on level 5 of the Dungeon.
             The game lasted 00:02:18 (644 turns).

terff the Covert (Octopode Brigand)                  Turns: 644, Time: 00:02:19

Health: -12/41     AC:  1    Str: 10    XL:     6   Next: 76%
Magic:  6/6        EV: 13    Int: 13    God:
Gold:   37         SH:  0    Dex: 16    Spells: 5/5 levels left

rFire   . . .      SeeInvis .   a - +2 dagger
rCold   . . .      Faith    .   (no shield)
rNeg    . . .      Spirit   .   (helmet restricted)
rPois   .          Reflect  .   (no amulet)
rElec   .          Harm     .   (no ring)
rCorr   .          Rampage  .   (no ring)
Will    .....                   (no ring)
Stlth   +++++.....              (no ring)
HPRegen 0.13/turn               (no ring)
MPRegen 0.10/turn               (no ring)
                                (no ring)
                                (no ring)

@: no status effects
A: almost no armour, amphibious, 8 rings, camouflage 1, gelatinous body 1,
(nimble swimmer 1), tentacles
a: no special abilities


You were on level 5 of the Dungeon.
You visited 1 branch of the dungeon, and saw 5 of its levels.

You collected 37 gold pieces.

Inventory:

Hand Weapons
 a - a +2 dagger (weapon)
Missiles
 b - 10 poisoned darts (quivered)
 c - 2 curare-tipped darts
Wands
 e - a wand of iceblast (10)
Scrolls
 d - a scroll of enchant armour {unknown}


   Skills:
 + Level 2.6 Fighting
 + Level 3.2 Short Blades
 + Level 2.5 Throwing
 + Level 1.1 Dodging
 + Level 9.7 Stealth


You had 5 spell levels left.
You didn't know any spells.
Your spell library contained the following spells:

 Spells                   Type           Power      Damage    Failure   Level
 Fireball                 Conj/Fire      0%         3d3       100%        5
 Iskenderun's Battlesphe  Conj           0%         2d6       100%        5
 Conjure Ball Lightning   Conj/Air       0%         3x3d6     100%        6
 Orb of Destruction       Conj           0%         9d5       100%        7


Dungeon Overview and Level Annotations

Branches:
Dungeon (5/15)
 Temple: D:4-7

Altars:


Innate Abilities, Weirdness & Mutations

You cannot wear most types of armour.
You are amphibious.
You can wear up to eight rings at the same time.
Your skin changes colour to match your surroundings (Stealth+).
Your rubbery body absorbs attacks. (AC +1, EV +1)
((You are camouflaged when in or above water. (Stealth+)))
You have tentacles for arms and can constrict up to eight enemies at once.


Message History

The killer bee zombie barely misses you.
You release your grip on the killer bee zombie.
The killer bee zombie hits you!
You hit the killer bee zombie. Your grab misses the killer bee zombie.
Your squeeze misses the killer bee zombie.
The killer bee zombie is almost destroyed.
The killer bee zombie closely misses you. x2
You barely miss the killer bee zombie. You grab the killer bee zombie.
Your squeeze misses the killer bee zombie.
The killer bee zombie is almost destroyed.
You constrict the killer bee zombie. The killer bee zombie hits you.
You barely miss the killer bee zombie.
The killer bee zombie is almost destroyed.
You constrict the killer bee zombie. The killer bee zombie misses you.
The killer bee zombie barely misses you.
Unknown command.
You hit the killer bee zombie.
Your squeeze misses the killer bee zombie.
The killer bee zombie is almost destroyed.
You constrict the killer bee zombie.
You destroy the killer bee zombie!
You start resting.
An ogre is nearby!
The ogre shouts!
You see here 10 gold pieces.
Aiming: Iceblast
Press: ? - help, Shift-Dir - straight line, f - ogre
Aim: an ogre, wielding a +0 giant club The mass of ice explodes!
The iceblast engulfs the ogre!
The ogre is moderately wounded.
You hit the ogre.
The ogre is heavily wounded.
The ogre barely misses you.
You hit the ogre. You squeeze the ogre, but do no damage.
The ogre is heavily wounded.
You hit the ogre.
The ogre is severely wounded.
The ogre hits you with a +0 giant club!!
Ouch! That really hurt!
You die...

#.#.# #..##..
...# #.#.#
#..##.# #### #
##.#.###..##.#
#.#.........##.#
#...........##.#
###...!#######<#
##O#.# #.# #.#O#
#.# #.#@# #.#
........# #.#
#####.#.# #.#
#.#.# ..# . #.#
### .# #.# #.
#.# # #.#


You could see an ogre.

Vanquished Creatures
  Grinder (D:5)
  An ogre (D:5)
  A scorpion (D:4)
  A killer bee zombie (D:5)
  2 adders (D:2)
  2 dart slugs (D:3)
  An endoplasm (D:3)
  A goblin (D:1)
  A hobgoblin (D:3)
  4 ball pythons
  A frilled lizard (D:1)
  2 kobolds
18 creatures vanquished.

Notes
Turn   | Place    | Note
-------+----------+-------------------------------------------
     0 | D:1      | terff the Octopode Brigand began the quest for the Orb.
     0 | D:1      | Reached XP level 1. HP: 14/14 MP: 1/1
    82 | D:2      | Reached skill level 6 in Stealth
    82 | D:2      | Reached XP level 2. HP: 13/19 MP: 2/2
   125 | D:3      | Reached XP level 3. HP: 20/24 MP: 3/3
   196 | D:4      | Noticed a scorpion
   198 | D:4      | Killed a scorpion
   199 | D:4      | Reached skill level 7 in Stealth
   199 | D:4      | Reached XP level 4. HP: 22/29 MP: 4/4
   231 | D:5      | Entered Level 5 of the Dungeon
   238 | D:5      | Noticed Grinder
   245 | D:5      | Killed Grinder
   246 | D:5      | Reached skill level 9 in Stealth
   246 | D:5      | Reached XP level 5. HP: 9/35 MP: 5/5
   246 | D:5      | Reached XP level 6. HP: 10/41 MP: 6/6
   644 | D:5      | Mangled by an ogre

Illustrated notes

Levels and vault maps discovered:
D:1:      ldierk_walled_garden_2, layout_basic, chequers_ecumenical_altar_lobes
D:2:      layout_basic, minmay_between
D:3:      kb_forest_paths, layout_basic, lightli_corner_chamber
D:4:      layout_rooms, tgw_sif, lemuel_temple_firewalk_a, uniq_edmund
D:5:      layout_loops_ring, minmay_shop_enchanted_jewellery, uniq_grinder

Skill      XL: |  1  2  3  4  5  6 |
---------------+-------------------+-----
Stealth        | 6 7 9 |  9.7
Short Blades   | 3 |  3.2
Fighting       | |  2.6
Throwing       | |  2.5
Dodging        | |  1.1

Action                   |  1- 3 |  4- 6 || total
-------------------------+-------+-------++-------
Melee: Dagger            |    15 |    25 ||    40
       Constrict         |     3 |     4 ||     7
       Tentacles         |     3 |     7 ||    10
Evoke: Wand              |       |     1 ||     1
 Stab: Sleeping          |     8 |     2 ||    10
Dodge: Dodged            |     9 |    16 ||    25
